 Dungeon Crawl Stone Soup version 0.27-a0-1158-gaa87e14f67 (webtiles) character file.

Game seed: 2204829923516501926

27 wafflestompin the Sneak (level 2, 0/13 HPs)
             Began as a Spriggan Enchanter on May 16, 2021.
             Slain by an adder (3 damage)
             ... on level 2 of the Dungeon.
             The game lasted 00:04:40 (1308 turns).

wafflestompin the Sneak (Spriggan Enchanter)        Turns: 1308, Time: 00:04:41

Health: 0/13       AC:  2    Str:  4    XL:     2   Next: 93%
Magic:  6/6        EV: 18    Int: 16    God:
Gold:   46         SH:  0    Dex: 15    Spells: 3/6 levels left

rFire    . . .     SeeInvis +   a - +1 dagger
rCold    . . .     Faith    .   (shield restricted)
rNeg     . . .     Spirit   .   b - +0 robe
rPois    .         Reflect  .   (helmet restricted)
rElec    .         Harm     .   (no cloak)
rCorr    .         Rampage  .   (gloves unavailable)
Will     .....                  (boots unavailable)
Stlth    +++.......             (no amulet)
HPRegen  0.04/turn              (no ring)
MPRegen  0.10/turn              (no ring)

@: very quick
A: very small, no large weapons, unfitting armour, see invisible, speed 3
a: no special abilities


You were on level 2 of the Dungeon.
You visited 1 branch of the dungeon, and saw 2 of its levels.

You collected 46 gold pieces.

Inventory:

Hand Weapons
 a - a +1 dagger (weapon)
Missiles
 c - 37 sling bullets
 g - 4 boomerangs
Armour
 b - a +0 robe (worn)
Jewellery
 e - an amulet of guardian spirit
 h - a ring of protection from cold
Scrolls
 d - a scroll of teleportation {unknown}
 f - a scroll of amnesia {unknown}
Potions
 i - a potion of heal wounds {unknown}


   Skills:
 + Level 1.1 Short Blades
 + Level 3.4 Dodging
 * Level 5.3 Stealth
 + Level 2.7 Spellcasting
 * Level 4.0 Hexes


You had 3 spell levels left.
You knew the following spells:

 Your Spells              Type           Power      Damage    Failure   Level
a - Corona                Hex            16%        N/A       3%          1
b - Ensorcelled Hibernat  Hex/Ice        16%        N/A       13%         2

Your spell library contained the following spells:

 Spells                   Type           Power      Damage    Failure   Level
 Confusing Touch          Hex            15%        N/A       11%         3
 Tukima's Dance           Hex            15%        N/A       11%         3
 Dazzling Flash           Conj/Hex       16%        N/A       26%         3


Dungeon Overview and Level Annotations

Branches:
Dungeon (2/15)

Altars:


Innate Abilities, Weirdness & Mutations

You are very small and have problems with some larger weapons.
You are too small for most types of armour.
You have supernaturally acute eyesight. (SInv)
You cover ground extremely quickly. (Speed+++)


Message History

You open the door.
Magic restored.
There is an open door here.
A quokka comes into view.
Found a stone staircase leading down.
You hit the quokka but do no damage. The quokka misses you.
You barely miss the quokka. The quokka misses you. x2
You hit the quokka but do no damage. The quokka barely misses you.
Casting: Ensorcelled Hibernation (safe; 13% risk of failure)
Confirm with . or Enter, or press ? or * to list all spells.
Aiming: Ensorcelled Hibernation (safe; 13% risk of failure)
Press: ? - help, Shift-Dir - straight line, f - quokka
Aim: a quokka (chance to affect: 57%)
The quokka resists with significant effort.
The quokka bites you.
You hit the quokka.
The quokka is heavily wounded.
The quokka bites you.
You closely miss the quokka.
The quokka is heavily wounded.
The quokka bites you.
* * * LOW HITPOINT WARNING * * *
There is an open door here.
You see here 20 stones.
An adder comes into view.
The adder hisses angrily.
You hit the adder.
The adder is moderately wounded.
The adder misses you. The adder bites you.
* * * LOW HITPOINT WARNING * * *
You hit the adder.
The adder is heavily wounded.
The adder closely misses you.
You hit the adder.
The adder is heavily wounded.
The adder misses you.
You barely miss the adder.
The adder is heavily wounded.
The adder bites you.
You die...

#.##..#.########
#...........#
#..#.######.#
#..##.#.#### #.#
#......(...# #.#
.#.##.#.##.# #.#
#.#.##.# #.# #
#.##.# #.#
#.##@#
#.############
#.##S#
#.............
#.##.#
###########.#.
...#.# #<# #.#.
..# #.# #.#. ...
#.###.#. ###
#[......
#####.#. #.##


You could see an adder.

Vanquished Creatures
  An adder (D:2)
  A worm (D:2)
  A dart slug (D:1)
  3 ball pythons (D:1)
  A giant cockroach (D:1)
  2 hobgoblins
  2 frilled lizards
  A kobold (D:1)
  2 rats (D:1)
14 creatures vanquished.

Notes
Turn   | Place    | Note
-------+----------+-------------------------------------------
     0 | D:1      | wafflestompin the Spriggan Enchanter began the quest for
                  | the Orb.
     0 | D:1      | Reached XP level 1. HP: 9/9 MP: 5/5
   212 | D:1      | Reached skill level 5 in Stealth
   230 | D:1      | Reached XP level 2. HP: 13/13 MP: 6/6
   517 | D:1      | Found a faded altar of an unknown god.
   875 | D:2      | Learned a level 2 spell: Ensorcelled Hibernation
  1308 | D:2      | Slain by an adder

Illustrated notes

Levels and vault maps discovered:
D:1:      saegor_arrival_simple_d, layout_loops_ring,
          shapermc_ecumenical_altar_totnotflames
D:2:      minmay_alternating_diamond, layout_basic, nrook_mini_vaults,
          kennysheep_generic_room_5, uniq_jessica

Skill      XL: |  1  2 |
---------------+-------+-----
Stealth        | 5 |  5.3
Hexes          | 4 |  4.0
Dodging        | 3 |  3.4
Short Blades   | |  1.1
Spellcasting   | |  2.7

Action                   || total
-------------------------++-------
Melee: Dagger            ||    34
 Cast: Corona            ||     1
       Ensorcelled Hiber ||     3
 Stab: Sleeping          ||     9
Dodge: Dodged            ||    19

Table legend: (Time is in decaauts)
 A = Elapsed time spent in this place.
 B = Non-inter-level travel time spent in this place.
 C = Inter-level travel time spent in this place.
 D = Time resting spent in this place.
 E = Time spent auto-exploring this place.
 F = Levels seen in this place.
 G = Mean time per level.
                   A        B        C        D        E       F      G
               +--------+--------+--------+--------+--------+-----+--------+
         Total |    925 |    885 |     40 |    258 |    452 |   2 |  462.5 |
       Dungeon |    925 |    885 |     40 |    258 |    452 |   2 |  462.5 |
               +--------+--------+--------+--------+--------+-----+--------+

Top non-repeatable levels by time:
     D:1: 536 daAuts
     D:2: 389 daAuts
